 Dungeon Crawl Stone Soup version 0.30-b1-2-g02819fbbbe (webtiles) character file.

Game seed: 6189961928241435713

8 Fartwhistle the Insei (level 2, -2/21 HPs)
             Began as a Demonspawn Transmuter on June 6, 2023.
             Slain by a gnoll
             ... wielding a +0 spear
              (8 damage)
             ... on level 1 of the Dungeon.
             The game lasted 00:00:44 (407 turns).

Fartwhistle the Insei (Demonspawn Transmuter)        Turns: 407, Time: 00:00:45

Health: -2/21      AC:  4    Str: 10    XL:     2   Next: 0%
Magic:  4/5        EV: 12    Int: 14    God:
Gold:   27         SH:  0    Dex: 13    Spells: 4/5 levels left

rFire   . .          .
                       - Unarmed
rCold   . . .        (no shield)
rNeg    . . .        a - +0 robe
rPois   .            (helmet currently unavailable)
rElec   .            (no cloak)
rCorr   .            (no gloves)
SInv    .            (boots currently unavailable)
Will    .....        (no amulet)
Stlth   +            (no ring)
HPRegen 0.23/turn    (no ring)
MPRegen 0.09/turn

%: no passive effects
@: appendages (expiring)
A: horns 2, talons 2, molten scales 1
a: End Transformation


You were on level 1 of the Dungeon.
You had temporarily grown beastly horns and talons.
You visited 1 branch of the dungeon, and saw 1 of its levels.

You collected 27 gold pieces.

Inventory:

Armour
 a - a +0 robe (worn)
Scrolls
 c - a scroll of identify {unknown}
 e - a scroll of enchant armour {unknown}
Potions
 b - 2 potions of lignification
 d - 2 potions of curing {unknown}


   Skills:
 - Level 1.1 Fighting
 - Level 1.9 Dodging
 - Level 2.7 Unarmed Combat
 + Level 2.1 Spellcasting
 * Level 2.0 Transmutations


You had 4 spell levels left.
You knew the following spells:

 Your Spells              Type           Power      Damage    Failure   Level
a - Beastly Appendage     Tmut           14%        N/A       10%         1

Your spell library contained the following spells:

 Spells                   Type           Power      Damage    Failure   Level
 Wereblood                Tmut           7%         N/A       16%         2
 Spider Form              Tmut/Pois      4%         N/A       43%         3
 Ice Form                 Ice/Tmut       4%         N/A       83%         4


Dungeon Overview and Level Annotations

Branches:
Dungeon (1/15)

Altars:


Innate Abilities, Weirdness & Mutations

You have temporarily grown beastly horns and talons.
You are partially covered in molten scales. (AC +2)


Message History

You now have 18 gold pieces (gained 4).
e - a scroll labelled VUHOZO BINUI A bat comes into view.
Found 9 gold pieces.
A bat is nearby!
The bat hits you but does no damage.
You hit the bat.
You kill the bat!
You have reached level 2!
Your demonic ancestry asserts itself...
Molten scales grow over part of your body.
You now have 27 gold pieces (gained 9).
Found 2 stones.
A gnoll comes into view. It is wielding a +0 spear.
The gnoll shouts!
The gnoll hits you from afar with a +0 spear.
A gnoll is nearby!
A gnoll is nearby!
A gnoll is nearby!
Casting: Beastly Appendage (safe; 10% risk of failure)
Confirm with . or Enter, or press ? or * to list all spells.
You grow a pair of large bovine horns.
Your feet morph into talons.
The gnoll hits you from afar with a +0 spear!
Your transformation is almost over.
The gnoll closely misses you.
You hit the gnoll. You claw the gnoll.
The gnoll is severely wounded.
The gnoll barely misses you.
You hit the gnoll. Your kick misses the gnoll. Your headbutt misses the gnoll.
The gnoll is almost dead.
The gnoll completely misses you.
You closely miss the gnoll.
The gnoll is almost dead.
The gnoll hits you with a +0 spear.
* * * LOW HITPOINT WARNING * * *
You hit the gnoll but do no damage.
You headbutt the gnoll, but do no damage.
The gnoll is almost dead.
The gnoll hits you with a +0 spear!
You die...

##.##.######.# ###...####..
†.....######+##
#........#.#
.........##...##
#........#.#
♣♣.............##
#........#.#
♣♣♣♣♣♣.........##
##........#..
♣♣♣.......(####......##.#.#
♣♣♣......+............)..
♣♣ ♣♣♣....####...#.#####.#
P♣♣♣ ♣♣♣♣@..###.##.# #.#
...♣♣♣♣♣ ♣g♣.....##.# #.#
♣♣♣....♣♣♣♣ .♣.....###.#
#.# ♣♣♣♣♣...♣♣
♣.♣♣♣....##.# #..
♣♣.♣♣♣.♣♣♣♣. ♣♣.÷....# ###
♣♣♣.♣♣ ♣♣...♣♣♣ ♣♣.[...###
# ♣♣♣..♣♣
♣♣♣...♣♣~♣♣♣.....## #
♣..♣♣♣
♣♣♣..≈~≈♣♣♣♣♣♣..##### ♣.♣♣
♣♣♣≈~~♣♣♣ ♣♣♣.##..


You could see a gnoll.

Vanquished Creatures
  A ball python (D:1)
  3 bats (D:1)
  An endoplasm (D:1)
  A hobgoblin (D:1)
  A goblin (D:1)
  A kobold (D:1)
8 creatures vanquished.

Notes
Turn   | Place    | Note
-------+----------+-------------------------------------------
     0 | D:1      | Fartwhistle the Demonspawn Transmuter began the quest for
                  | the Orb.
     0 | D:1      | Reached XP level 1. HP: 15/15 MP: 3/3
   385 | D:1      | Gained mutation: You are partially covered in molten
                  | scales. (AC +2) [demonic ancestry]
   385 | D:1      | Reached XP level 2. HP: 21/21 MP: 5/5
   407 | D:1      | Slain by a gnoll

Illustrated notes

Levels and vault maps discovered:
D:1:      kilobyte_arrival_exit_the_forest, layout_loops_corners

Skill      XL: |  1 |
---------------+----+-----
Transmutations | 2 |  2.0
Fighting       | |  1.1
Dodging        | |  1.9
Unarmed Combat | |  2.7
Spellcasting   | |  2.1

Action                     || total
---------------------------++-------
  Melee: Unarmed           ||    28
         Kick              ||     1
         Headbutt          ||     1
   Cast: Beastly Appendage ||     2
 Armour: Robe              ||     6
  Dodge: Dodged            ||    17
